 Dungeon Crawl Stone Soup version 0.23.2-1-ga50397a (webtiles) character file.

Game seed: 10623755757155885033

217 wilfster70 the Changer (level 5, 0/45 HPs)
             Began as a Draconian Transmuter on May 3, 2019.
             Was an Initiate of Ru.
             Slain by a worker ant (2 damage)
             ... on level 4 of the Dungeon.
             The game lasted 00:12:19 (4473 turns).

wilfster70 the Changer (Draconian Transmuter)       Turns: 4473, Time: 00:12:20

Health: 0/45       AC:  8    Str: 14    XL:     5   Next: 62%
Magic:  7/8        EV: 12    Int: 14    God:    Ru [......]
Gold:   122        SH:  0    Dex: 12    Spells: 5/8 levels left

rFire    . . .     SeeInvis .     - Unarmed
rCold    . . .     Gourm    .   (no shield)
rNeg     . . .     Faith    .   (armour unavailable)
rPois    .         Spirit   .   (helmet restricted)
rElec    .         Reflect  .   k - +0 cloak
rCorr    .         Harm     .   m - +0 pair of gloves
MR       .....                  i - +0 pair of boots
Stlth    +.........             (no amulet)
HPRegen  0.15/turn              (no ring)
MPRegen  0.11/turn              (no ring)

@: lethally poisoned (0 -> -5), appendage
A: unfitting armour, big wings, horns 2, strong 1, cold-blooded, MP-powered
wands, AC +5
a: Fly, End Transformation, Renounce Religion


You were on level 4 of the Dungeon.
You worshipped Ru.
Ru was noncommittal.
You were hungry.
You had grown temporary horns.
You visited 2 branches of the dungeon, and saw 5 of its levels.

You collected 122 gold pieces.

Inventory:

Missiles
 a - 112 arrows
 b - 207 stones (quivered)
 g - 20 sling bullets
Armour
 i - a +0 pair of boots (worn)
 k - a +0 cloak (worn)
 m - a +0 pair of gloves (worn)
Scrolls
 d - a scroll of enchant weapon
 e - 2 scrolls of identify
 n - a scroll of noise {unknown}
 o - a scroll of teleportation {unknown}
 p - a scroll of amnesia
Potions
 j - a potion of cancellation
Comestibles
 c - 7 rations


   Skills:
 + Level 3.1 Fighting
 - Level 1.7 Dodging
 + Level 4.1 Unarmed Combat
 - Level 2.0 Spellcasting
 * Level 4.4 Transmutations


You had 5 spell levels left.
You knew the following spells:

 Your Spells              Type           Power        Failure   Level  Hunger
a - Beastly Appendage     Tmut           ##....       4%          1    ##.....
b - Sticks to Snakes      Tmut           ##......     6%          2    ###....

Your spell library contained the following spells:

 Spells                   Type           Power        Failure   Level  Hunger
 Spider Form              Tmut/Pois      #.........   28%         3    ####...
 Ice Form                 Ice/Tmut       #.......     67%         4    #####..
 Blade Hands              Tmut           ##........   73%         5    ######.


Dungeon Overview and Level Annotations

Branches:
Dungeon (4/15)             Temple (1/1) D:4

Altars:
Ashenzari
Dithmenos
Fedhas
Gozag
Makhleb
Nemelex Xobeh
Okawaru
Qazlal
Ru
Trog
Uskayaw
Vehumet
Xom
Zin

Annotations:
D:2 Sigmund
D:4 Menkaure


Innate Abilities, Weirdness & Mutations

Your plain brown scales are hard. (AC +5)
You cannot fit into any form of body armour.
You are cold-blooded and may be slowed by cold attacks.
Your large and strong wings let you fly indefinitely.
You have a pair of horns on your head.
Your muscles are strong. (Str +2)
You expend magic power (3 MP) to strengthen your wands.


Message History

You are lethally poisoned!
The worker ant poisons you!
You hit the worker ant but do no damage.
The worker ant is moderately wounded.
* * * LOW HITPOINT WARNING * * *
You feel sick. The worker ant closely misses you.
You barely miss the worker ant.
The worker ant is moderately wounded.
* * * LOW HITPOINT WARNING * * *
You feel sick.
The worker ant bites you but does no damage.
You hit the worker ant.
You headbutt the worker ant, but do no damage.
The worker ant is heavily wounded.
The worker ant closely misses you.
You barely miss the worker ant.
The worker ant is heavily wounded.
* * * LOW HITPOINT WARNING * * *
You feel sick. The worker ant bites you.
You die...

# #.# #.#
# #.# #.#
# #M# #.#
# #.# #.#
#.# #.#
#####.#
#.#
#...#.#
#.#
#.#.#.#
#.#
#.#.#.#
#@#
###.#.#.#
#a#
..#.#.#.#
#.#
#.#.....#
#.#
#.###.###
#.# #.#
#.# #.#
..# #.#
#.# ###
#.# #.#
#.# #.#


You could see a worker ant.

Vanquished Creatures
  A hound (D:4)
  A bullfrog skeleton (D:4)
  Terence (D:3)
  A worker ant (D:4)
  5 adders
  An ooze (D:3)
  4 worms (D:2)
  A dart slug (D:3)
  2 leopard geckos
  An orc (D:3)
  A ball python (D:3)
  2 bats (D:1)
  A giant cockroach (D:2)
  6 goblins
  5 hobgoblins
  8 jackals
  5 kobolds
  5 frilled lizards
  4 rats
55 creatures vanquished.

Vanquished Creatures (collateral kills)
  A worm (D:2)
  A goblin (D:2)
2 creatures vanquished.

Grand Total: 57 creatures vanquished

Notes
Turn   | Place    | Note
-------+----------+-------------------------------------------
     0 | D:1      | wilfster70 the Draconian Transmuter began the quest for the
                  | Orb.
     0 | D:1      | Reached XP level 1. HP: 16/16 MP: 3/3
   593 | D:1      | Reached XP level 2. HP: 20/23 MP: 5/5
   600 | D:1      | Learned a level 2 spell: Sticks to Snakes
  1158 | D:2      | Reached XP level 3. HP: 15/29 MP: 6/6
  1718 | D:2      | Noticed Sigmund
  1737 | D:2      | Gained mutation: Your muscles are strong. (Str +2) [potion
                  | of mutation]
  1737 | D:2      | Gained mutation: Your large and strong wings let you fly
                  | indefinitely. [potion of mutation]
  1737 | D:2      | Gained mutation: You expend magic power (3 MP) to
                  | strengthen your wands. [potion of mutation]
  1741 | D:2      | HP: 1/29 [Sigmund/+0 scythe (2)]
  2102 | D:2      | Reached XP level 4. HP: 13/37 MP: 5/7
  2476 | D:3      | Found a shadowy altar of Dithmenos.
  2629 | D:3      | Noticed Terence
  2662 | D:3      | HP: 1/37 [Terence/+0 mace (4)]
  3112 | D:3      | Killed Terence
  3495 | D:3      | Found a faded altar of an unknown god.
  3753 | D:3      | Reached XP level 5. HP: 44/44 MP: 8/8
  4242 | D:4      | Found a staircase to the Ecumenical Temple.
  4262 | Temple   | Entered the Ecumenical Temple
  4314 | Temple   | Became a worshipper of Ru the Awakened
  4340 | D:4      | Noticed Menkaure
  4473 | D:4      | HP: 2/45 [poisoned by a worker ant]
  4473 | D:4      | Slain by a worker ant

Skill      XL: |  1  2  3  4  5 |
---------------+----------------+-----
Fighting       | 2 3 |  3.1
Transmutations | 3 4 |  4.4
Unarmed Combat | 4 |  4.1
Dodging        | |  1.7
Spellcasting   | |  2.0

Action                   |  1- 3 |  4- 6 || total
-------------------------+-------+-------++-------
Melee: Unarmed           |   137 |   152 ||   289
       Headbutt          |    11 |    15 ||    26
       Tailslap          |    14 |    21 ||    35
       Punch             |     2 |     1 ||     3
Throw: Stone             |       |     4 ||     4
 Cast: Beastly Appendage |    10 |    17 ||    27
       Sticks to Snakes  |     2 |     9 ||    11
  Use: Potion            |     4 |     2 ||     6
       Scroll            |     3 |     2 ||     5
  Eat: Chunk             |     2 |     7 ||     9
       Ration            |     1 |       ||     1
Armor: Skin              |    40 |    90 ||   130
Dodge: Dodged            |   115 |   150 ||   265
